 Dungeon Crawl Stone Soup version 0.28.0-49-g6dfe1f597d (webtiles) character file.

Game seed: 5137780470929089441

61 Exodus22XD the Poker (level 3, -1/28 HPs)
             Began as a Demonspawn Gladiator on May 15, 2022.
             Slain by an orc priest
             ... wielding a +0 flail
              (5 damage)
             ... on level 2 of the Dungeon.
             The game lasted 00:01:18 (1001 turns).

Exodus22XD the Poker (Demonspawn Gladiator)         Turns: 1001, Time: 00:01:21

Health: -1/28      AC:  7    Str: 16    XL:     3   Next: 83%
Magic:  3/3        EV: 10    Int:  9    God:
Gold:   22         SH:  0    Dex: 14    Spells: 2/2 levels left

rFire   . . .      SeeInvis .   a - +0 trident
rCold   . . .      Faith    .   (no shield)
rNeg    . . .      Spirit   .   e - +0 scale mail
rPois   .          Reflect  .   c - +0 helmet
rElec   .          Harm     .   (no cloak)
rCorr   .          Rampage  .   (no gloves)
Will    .....                   (no boots)
Stlth   ..........              (no amulet)
HPRegen 0.09/turn               (no ring)
MPRegen 0.08/turn               (no ring)

@: hasted, very quick
A: foul stench 1
a: no special abilities


You were on level 2 of the Dungeon.
You visited 1 branch of the dungeon, and saw 2 of its levels.

You collected 22 gold pieces.

Inventory:

Hand Weapons
 a - a +0 trident (weapon)
Missiles
 d - 3 throwing nets (quivered)
Armour
 c - a +0 helmet (worn)
 e - a +0 scale mail (worn)
Scrolls
 b - a scroll of noise {unknown}
Potions
 f - a potion of haste


   Skills:
 + Level 2.4 Fighting
 + Level 3.7 Polearms
 + Level 1.9 Throwing
 + Level 0.5 Armour
 + Level 3.0 Dodging


You had 2 spell levels left.
You didn't know any spells.
Your spell library was empty.

Dungeon Overview and Level Annotations

Branches:
Dungeon (2/15)

Altars:


Innate Abilities, Weirdness & Mutations

You may rarely emit foul miasma when damaged in melee.


Message History

Done exploring.
No target in view!
You see here 16 stones.
There is a stone staircase leading down here.
You climb downwards.
The orc shouts! x2; The orc priest shouts! x2
Found 25 arrows and a ring mail.
Found a stone staircase leading down.
There is a stone staircase leading up here.
You hit the orc priest.
The orc priest is moderately wounded.
The orc barely misses you.
The orc priest hits you with a +0 hand axe.
There are monsters nearby!
You puncture the orc priest!
You kill the orc priest!
The orc barely misses you.
Reach: a) +0 trident
Press: ? - help, Dir - move target, f - orc priest
Aim: an orc priest, wielding a +0 flail (about 41% to evade your +0 trident)
You reach to attack!
You closely miss the orc priest. The orc hits you but does no damage. x2
You puncture the orc priest!
The orc priest is heavily wounded.
The orc hits you but does no damage. x2
The orc priest hits you with a +0 flail.
You closely miss the orc priest.
The orc priest is heavily wounded.
The orc hits you with a +0 club.
You emit a cloud of foul miasma!
The orc hits you with a +0 flail.
The orc priest calls down the wrath of Beogh upon you.
Beogh smites you!
* * * LOW HITPOINT WARNING * * *
A rat comes into view.
It was a potion of haste.
You feel yourself speed up.
The orc is engulfed in dark miasma.
The orc is poisoned.
The orc seems to slow down.
You kill the orc!
The orc barely misses you.
The orc priest hits you with a +0 flail.
You die...

#..........##
#..[........
##.....>....#
............#
............#
#..........#
#......)...##.
#.....@☼......
#.....oo...##.
...(...........
..#.......####.
# ##.....##
.......
......r.
..........


You could see an orc priest, an orc and a rat.

Vanquished Creatures
  An orc priest (D:2)
  2 dart slugs (D:1)
  An orc (D:2)
  A ball python (D:1)
  5 bats (D:1)
  An endoplasm (D:1)
  A giant cockroach (D:1)
  3 hobgoblins (D:1)
  4 jackals (D:1)
  A quokka (D:1)
  3 frilled lizards (D:1)
  2 kobolds (D:1)
  4 rats (D:1)
29 creatures vanquished.

Notes
Turn   | Place    | Note
-------+----------+-------------------------------------------
     0 | D:1      | Exodus22XD the Demonspawn Gladiator began the quest for the
                  | Orb.
     0 | D:1      | Reached XP level 1. HP: 16/16 MP: 1/1
   262 | D:1      | Gained mutation: You may rarely emit foul miasma when
                  | damaged in melee. [demonic ancestry]
   262 | D:1      | Reached XP level 2. HP: 21/22 MP: 2/2
   782 | D:1      | Reached XP level 3. HP: 27/27 MP: 3/3
   889 | D:1      | Found a faded altar of an unknown god.
  1001 | D:2      | Slain by an orc priest

Illustrated notes

Levels and vault maps discovered:
D:1:      dpeg_arrival_simpleton_a, layout_basic,
          shapermc_ecumenical_altar_mp_vishouse
D:2:      layout_rooms, serial_shops, shop

Skill      XL: |  1  2 |
---------------+-------+-----
Polearms       | 3 |  3.7
Dodging        | 3 |  3.0
Fighting       | |  2.4
Throwing       | |  1.9
Armour         | |  0.5

Action                   || total
-------------------------++-------
Melee: Trident           ||    71
       Punch             ||     1
  Use: Potion            ||     1
Armor: Leather armour    ||     5
       Scale mail        ||    28
Dodge: Dodged            ||    39
